 Dungeon Crawl Stone Soup version 0.28-a0-1395-g4f6bc678fa (webtiles) character file.

Game seed: 11177153780097620361

168 willcat the Conjurer (level 5, -1/37 HPs)
             Began as a Gnoll Conjurer on Jan 4, 2022.
             Slain by an orc (9 damage)
             ... on level 3 of the Dungeon.
             The game lasted 00:03:13 (2720 turns).

willcat the Conjurer (Gnoll Conjurer)               Turns: 2720, Time: 00:03:14

Health: -1/37      AC:  2    Str:  6    XL:     5   Next: 49%
Magic:  3/12       EV: 13    Int: 19    God:
Gold:   102        SH:  0    Dex: 11    Spells: 9/14 levels left

rFire   . . .      SeeInvis .   h - +1 whip (vamp)
rCold   . . .      Faith    .   (no shield)
rNeg    . . .      Spirit   .   a - +0 robe
rPois   .          Reflect  .   (no helmet)
rElec   .          Harm     .   (no cloak)
rCorr   .          Rampage  .   (no gloves)
Will    .....                   (no boots)
Stlth   ++........              (no amulet)
HPRegen 0.12/turn               (no ring)
MPRegen 0.13/turn               (no ring)

@: no status effects
A: fangs 1, strong nose, distributed training
a: no special abilities


You were on level 3 of the Dungeon.
You visited 1 branch of the dungeon, and saw 3 of its levels.

You collected 102 gold pieces.

Inventory:

Hand Weapons
 h - a +1 vampiric whip (weapon)
Armour
 a - a +0 robe (worn)
Scrolls
 b - a scroll of vulnerability {unknown}
 f - 3 scrolls of identify {unknown}
 g - 3 scrolls of amnesia {unknown}
 i - a scroll of enchant weapon {unknown}
 k - 2 scrolls of torment {unknown}
 l - 2 scrolls of enchant armour {unknown}
 m - 2 scrolls of immolation {unknown}
 p - a scroll of teleportation {unknown}
Potions
 c - a potion of flight {unknown}
 d - a potion of cancellation {unknown}
 e - a potion of haste {unknown}
 j - a potion of heal wounds
 n - a potion of lignification {unknown}
 o - a potion of curing {unknown}


   Skills:
 + Level 1.5 Fighting
 + Level 1.5 Short Blades
 + Level 1.5 Long Blades
 + Level 1.5 Axes
 + Level 1.5 Maces & Flails
 + Level 1.5 Polearms
 + Level 1.5 Staves
 + Level 1.5 Slings
 + Level 1.5 Bows
 + Level 1.5 Crossbows
 + Level 1.5 Throwing
 + Level 1.5 Armour
 + Level 4.8 Dodging
 + Level 4.4 Stealth
 + Level 1.5 Shields
 + Level 1.5 Unarmed Combat
 + Level 5.2 Spellcasting
 + Level 7.2 Conjurations
 + Level 1.2 Hexes
 + Level 1.2 Summonings
 + Level 1.2 Necromancy
 + Level 1.2 Translocations
 + Level 1.2 Transmutations
 + Level 1.2 Fire Magic
 + Level 1.2 Ice Magic
 + Level 1.2 Air Magic
 + Level 1.2 Earth Magic
 + Level 1.2 Poison Magic
 + Level 1.7 Invocations
 + Level 1.5 Evocations


You had 9 spell levels left.
You knew the following spells:

 Your Spells              Type           Power      Damage    Failure   Level
a - Magic Dart            Conj           100%       1d8       1%          1
b - Iskenderun's Mystic   Conj/Tloc      20%        2d6       22%         4

Your spell library contained the following spells:

 Spells                   Type           Power      Damage    Failure   Level
 Searing Ray              Conj           64%        2d6       1%          2
 Dazzling Flash           Conj/Hex       40%        N/A       6%          3
 Stone Arrow              Conj/Erth      40%        3d9       6%          3
 Sandblast                Erth           18%        2d7       8%          1
 Passwall                 Tmut/Erth      7%         N/A       11%         2
 Fulminant Prism          Conj/Hex       10%        3d9       22%         4


Dungeon Overview and Level Annotations

Branches:
Dungeon (3/15)

Altars:


Innate Abilities, Weirdness & Mutations

You have very sharp teeth.
Your uncanny sense of smell can sniff out nearby items.
Your experience applies equally to all skills.


Message History

You closely miss the jackal. The jackal barely misses you.
The jackal closely misses you.
You hit the jackal.
You feel better.
The jackal is moderately wounded.
The jackal bites you.
You barely miss the jackal.
The jackal is moderately wounded.
The jackal closely misses you.
Aiming: Magic Dart (safe; 1% risk of failure)
Press: ? - help, Q - select action Shift-Dir - straight line, f - jackal
Aim: a jackal (moderately wounded, 100% to hit)
The magic dart hits the jackal.
The jackal is almost dead.
The jackal bites you. x2
Aiming: Magic Dart (safe; 1% risk of failure)
Press: ? - help, Q - select action Shift-Dir - straight line, f/p - jackal
Aim: a jackal (almost dead, 100% to hit)
The magic dart hits the jackal!
You kill the jackal!
Unknown command.
Aiming: Magic Dart (safe; 1% risk of failure)
Press: ? - help, Q - select action Shift-Dir - straight line, f - orc
Aim: an orc, wielding a +0 war axe and wearing a +0 scale mail (100% to hit)
The magic dart hits the orc.
The orc is heavily wounded.
The orc hits you with a +0 war axe.
* * * LOW HITPOINT WARNING * * *
Aiming: Magic Dart (safe; 1% risk of failure)
Press: ? - help, Q - select action Shift-Dir - straight line, f/p - orc
Aim: an orc, wielding a +0 war axe and wearing a +0 scale mail (heavily wounded, 100% to hit)
The magic dart hits the orc.
The orc is severely wounded.
The orc closely misses you.
Aiming: Magic Dart (safe; 1% risk of failure)
Press: ? - help, Q - select action Shift-Dir - straight line, f/p - orc
Aim: an orc, wielding a +0 war axe and wearing a +0 scale mail (severely wounded, 100% to hit)
The magic dart hits the orc but does no damage.
The orc is severely wounded.
The orc hits you with a +0 war axe!
You die... .... .#)# ..# # Sg#

# #.##.##.#
################..)....#
..†...........#####.#
.#..#..#..#......ol.#
...............†@####
.#..#..#..#...<#.########
...............#.........
#############..#..#######
#..........# #####..###.#
#######......#
........###### #########


You could see an orc and a frilled lizard.

Vanquished Creatures
  Natasha (thrice) (D:2)
  Robin (D:3)
  2 adders (D:2)
  A worm (D:3)
  2 dart slugs (D:2)
  2 bats (D:2)
  4 endoplasms
  A giant cockroach (D:1)
  12 goblins
  8 hobgoblins
  4 jackals (D:3)
  A kobold (D:1)
  3 quokkas (D:1)
  4 ball pythons
  2 frilled lizards (D:1)
  4 rats
54 creatures vanquished.

Notes
Turn   | Place    | Note
-------+----------+-------------------------------------------
     0 | D:1      | willcat the Gnoll Conjurer began the quest for the Orb.
     0 | D:1      | Reached XP level 1. HP: 13/13 MP: 6/6
   254 | D:1      | Reached XP level 2. HP: 19/19 MP: 4/7
  1271 | D:2      | Reached XP level 3. HP: 25/25 MP: 5/9
  1334 | D:2      | Reached skill level 5 in Spellcasting
  1450 | D:2      | Reached skill level 1 in Invocations
  1491 | D:2      | Noticed Natasha
  1495 | D:2      | Killed Natasha
  1496 | D:2      | Reached skill level 1 in Fighting
  1496 | D:2      | Reached skill level 1 in Short Blades
  1496 | D:2      | Reached skill level 1 in Long Blades
  1496 | D:2      | Reached skill level 1 in Axes
  1496 | D:2      | Reached skill level 1 in Maces & Flails
  1496 | D:2      | Reached skill level 1 in Polearms
  1496 | D:2      | Reached skill level 1 in Staves
  1496 | D:2      | Reached skill level 1 in Slings
  1496 | D:2      | Reached skill level 1 in Bows
  1496 | D:2      | Reached skill level 1 in Crossbows
  1496 | D:2      | Reached skill level 1 in Throwing
  1496 | D:2      | Reached skill level 1 in Armour
  1496 | D:2      | Reached skill level 1 in Shields
  1496 | D:2      | Reached skill level 1 in Unarmed Combat
  1496 | D:2      | Reached skill level 1 in Evocations
  1496 | D:2      | Reached XP level 4. HP: 32/32 MP: 6/11
  1501 | D:2      | Learned a level 4 spell: Iskenderun's Mystic Blast
  1874 | D:2      | Noticed Natasha
  1878 | D:2      | Killed Natasha
  1879 | D:2      | Reached skill level 1 in Hexes
  1879 | D:2      | Reached skill level 1 in Summonings
  1879 | D:2      | Reached skill level 1 in Necromancy
  1879 | D:2      | Reached skill level 1 in Translocations
  1879 | D:2      | Reached skill level 1 in Transmutations
  1879 | D:2      | Reached skill level 1 in Fire Magic
  1879 | D:2      | Reached skill level 1 in Ice Magic
  1879 | D:2      | Reached skill level 1 in Air Magic
  1879 | D:2      | Reached skill level 1 in Earth Magic
  1879 | D:2      | Reached skill level 1 in Poison Magic
  1961 | D:2      | Noticed Natasha
  1965 | D:2      | Killed Natasha
  1966 | D:2      | Reached XP level 5. HP: 37/37 MP: 7/12
  2252 | D:3      | Found a faded altar of an unknown god.
  2270 | D:3      | Found a faded altar of an unknown god.
  2367 | D:3      | Noticed Robin
  2400 | D:3      | Killed Robin
  2720 | D:3      | Slain by an orc

Illustrated notes

Levels and vault maps discovered:
D:1:      ncdulo_lavacross, layout_basic
D:2:      layout_loops_cross, st_stairs_4, minivault_5, uniq_natasha
D:3:      minmay_door_path, layout_basic, xom_confusion_cloud,
          hellmonk_ecumenical_altar_the_god_not_taken, grunt_decor_resistance,
          grunt_ministairs_9, kennysheep_decorative_pillar,
          columned_hall_lemuel, minmay_quantized, uniq_ijyb, uniq_robin

Skill      XL: |  1  2  3  4 |
---------------+-------------+-----
Spellcasting   | 5 |  5.2
Invocations    | 1 |  1.7
Fighting       | 1 |  1.5
Short Blades   | 1 |  1.5
Long Blades    | 1 |  1.5
Axes           | 1 |  1.5
Maces & Flails | 1 |  1.5
Polearms       | 1 |  1.5
Staves         | 1 |  1.5
Slings         | 1 |  1.5
Bows           | 1 |  1.5
Crossbows      | 1 |  1.5
Throwing       | 1 |  1.5
Armour         | 1 |  1.5
Shields        | 1 |  1.5
Unarmed Combat | 1 |  1.5
Evocations     | 1 |  1.5
Hexes          | 1 |  1.2
Summonings     | 1 |  1.2
Necromancy     | 1 |  1.2
Translocations | 1 |  1.2
Transmutations | 1 |  1.2
Fire Magic     | 1 |  1.2
Ice Magic      | 1 |  1.2
Air Magic      | 1 |  1.2
Earth Magic    | 1 |  1.2
Poison Magic   | 1 |  1.2
Dodging        | |  4.8
Stealth        | |  4.4
Conjurations   | |  7.2

Action                   |  1- 3 |  4- 6 || total
-------------------------+-------+-------++-------
Melee: Dagger            |     4 |       ||     4
       Whip              |    13 |    47 ||    60
 Cast: Magic Dart        |    45 |    49 ||    94
Armor: Robe              |     1 |     6 ||     7
Dodge: Dodged            |    13 |    33 ||    46

Table legend: (Time is in decaauts)
 A = Elapsed time spent in this place.
 B = Non-inter-level travel time spent in this place.
 C = Inter-level travel time spent in this place.
 D = Time resting spent in this place.
 E = Time spent auto-exploring this place.
 F = Levels seen in this place.
 G = Mean time per level.
                   A        B        C        D        E       F      G
               +--------+--------+--------+--------+--------+-----+--------+
         Total |   2722 |   2622 |    100 |    266 |   2078 |   3 |  907.3 |
       Dungeon |   2722 |   2622 |    100 |    266 |   2078 |   3 |  907.3 |
               +--------+--------+--------+--------+--------+-----+--------+

Top non-repeatable levels by time:
     D:2: 1256 daAuts
     D:1: 1210 daAuts
     D:3: 255 daAuts
